 Dungeon Crawl Stone Soup version 0.24.0-2-g5b39cebb1c (webtiles) character file.

Game seed: 14394689420422400021, levelgen mode: deterministic

840 Mrkan the Chopper (level 8, -2/70 HPs)
             Began as a Hill Orc Abyssal Knight on Oct 29, 2019.
             Was a Priest of Lugonu.
             Slain by an orc
             ... wielding a +1 hand axe of electrocution
              (4 damage)
             ... on level 4 of the Dungeon.
             The game lasted 00:07:11 (4385 turns).

Mrkan the Chopper (Hill Orc Abyssal Knight)         Turns: 4385, Time: 00:07:11

Health: -2/70      AC: 13    Str: 17    XL:     8   Next: 0%
Magic:  10/12      EV: 10    Int: 12    God:    Lugonu [***...]
Gold:   186        SH:  0    Dex: 15    Spells: 7/7 levels left

rFire    . . .     SeeInvis .   a - +1 hand axe
rCold    . . .     Gourm    .   (no shield)
rNeg     . . .     Faith    .   u - +0 plate armour
rPois    .         Spirit   .   (no helmet)
rElec    .         Reflect  .   (no cloak)
rCorr    .         Harm     .   (no gloves)
MR       .....                  f - +0 pair of boots
Stlth    ..........             (no amulet)
HPRegen  0.21/turn              k - ring of wizardry
MPRegen  0.13/turn              (no ring)

@: agile
A: no striking features
a: Depart the Abyss, Bend Space, Banish, Renounce Religion


You were on level 4 of the Dungeon.
You worshipped Lugonu.
Lugonu was most pleased with you.
You were hungry.

You visited 1 branch of the dungeon, and saw 4 of its levels.
You visited the Abyss 1 time.

You collected 186 gold pieces.

Inventory:

Hand Weapons
 a - a +1 hand axe (weapon)
Armour
 f - a +0 pair of boots (worn)
 u - a +0 plate armour (worn)
 v - a +0 cloak
Jewellery
 k - a ring of wizardry (left hand)
Wands
 b - a wand of iceblast (5)
Scrolls
 e - 2 scrolls of magic mapping {unknown}
 g - 9 scrolls of identify {unknown}
 h - a scroll of remove curse {unknown}
 j - a scroll of random uselessness {unknown}
 l - 2 scrolls of teleportation {unknown}
 m - 2 scrolls of immolation {unknown}
 t - a scroll of fear {unknown}
Potions
 d - a potion of heal wounds {unknown}
 i - a potion of might
 n - a potion of agility
 o - 2 potions of curing {unknown}
 p - 2 potions of degeneration {unknown}
 q - a potion of lignification {unknown}
 s - a potion of flight {unknown}
Comestibles
 c - 5 rations
 r - 2 chunks of flesh


   Skills:
 + Level 5.8 Fighting
 * Level 7.7 Axes
 + Level 4.7 Armour
 - Level 0.7 Dodging
 + Level 5.5 Invocations


You had 7 spell levels left.
You didn't know any spells.
Your spell library was empty.

Dungeon Overview and Level Annotations

Branches:
Dungeon (4/15)
 Temple: D:4-7

Altars:
Ashenzari
Gozag
Nemelex Xobeh
Okawaru


Message History

The orc is lightly wounded.
Something bites the freed slave.
The freed slave is poisoned.
Something poisons the freed slave!
The freed slave misses something.
You closely miss the orc.
The orc is lightly wounded.
The orc hits you but does no damage.
You are electrocuted!
* * * LOW HITPOINT WARNING * * *
The orc hits the freed slave but does no damage.
Something bites the freed slave but does no damage.
You barely miss the orc.
The orc is lightly wounded.
The freed slave closely misses something.
Something misses the freed slave.
The orc barely misses you.
The orc closely misses the freed slave.
It was a potion of agility.
You feel agile all of a sudden.
Something bites the freed slave!
The freed slave hits something.
The orc hits you with a +1 hand axe of electrocution.
You die...

# ###. ####.. ..... ####
#... ####p..... ...#
####.####.@o..<..>
...####.........###.....
................# ...
...........)....# .
...)###.........#
.รท..<.....[)....#
...#[...........#
#.###.....>.....# #..
#...#.#######


You could see an orc and a neutral freed slave.

Vanquished Creatures
  Pikel (D:4)
  3 slaves
  2 hounds
  4 orc wizards
  Terence (D:3)
  A worker ant (D:3)
  5 adders
  An ooze (D:4)
  2 adder skeletons (D:3)
  4 worms (D:2)
  2 dart slugs (D:1)
  3 leopard geckos
  18 orcs
  A ball python (D:2)
  5 giant cockroaches
  8 goblins
  5 hobgoblins
  2 jackals (D:1)
  4 bats
  7 frilled lizards
  3 kobolds
  9 rats
91 creatures vanquished.

Vanquished Creatures (others)
  A worker ant (D:4)
1 creature vanquished.

Grand Total: 92 creatures vanquished

Notes
Turn   | Place    | Note
-------+----------+-------------------------------------------
     0 | Abyss:1  | Mrkan the Hill Orc Abyssal Knight began the quest for the
                  | Orb.
     0 | Abyss:1  | Reached XP level 1. HP: 19/19 MP: 2/2
    20 | Abyss:1  | Noticed a small abomination
    26 | D:1      | Escaped the Abyss
   279 | D:1      | Reached skill level 3 in Axes
   415 | D:1      | Reached XP level 2. HP: 27/27 MP: 3/3
   649 | D:1      | Reached XP level 3. HP: 31/33 MP: 5/5
   876 | D:1      | Reached ** piety under Lugonu
  1347 | D:2      | Found an iron altar of Okawaru.
  2159 | D:2      | Reached skill level 4 in Axes
  2392 | D:3      | Reached XP level 4. HP: 34/40 MP: 6/6
  2420 | D:3      | Noticed Terence
  2442 | D:3      | Killed Terence
  2964 | D:3      | Reached XP level 5. HP: 47/47 MP: 7/7
  3040 | D:3      | Found a shattered altar of Ashenzari.
  3067 | D:3      | Reached skill level 5 in Axes
  3103 | D:3      | Found a sparkling altar of Nemelex Xobeh.
  3162 | D:3      | Found an opulent altar of Gozag.
  3569 | D:3      | Reached *** piety under Lugonu
  3575 | D:3      | Reached XP level 6. HP: 39/53 MP: 9/9
  3698 | D:4      | Noticed a slave
  3720 | D:4      | Noticed a slave
  3722 | D:4      | Noticed a slave
  3751 | D:3      | Killed a slave
  3755 | D:3      | Killed a slave
  4107 | D:4      | Killed a slave
  4256 | D:4      | Reached skill level 5 in Fighting
  4256 | D:4      | Reached skill level 6 in Axes
  4317 | D:4      | Noticed a slave
  4321 | D:4      | Noticed Pikel
  4376 | D:4      | Killed Pikel
  4376 | D:4      | Reached skill level 7 in Axes
  4376 | D:4      | Reached skill level 5 in Invocations
  4376 | D:4      | Reached XP level 7. HP: 16/62 MP: 9/11
  4380 | D:4      | Reached XP level 8. HP: 15/70 MP: 9/12
  4383 | D:4      | HP: 2/70 [orc/+1 hand axe of electrocution (14)]
  4385 | D:4      | Slain by an orc

Levels and vault maps discovered:
D:1:      ncdulo_halloftheorcs, layout_basic
D:2:      layout_basic, lemuel_doored_altar
D:3:      layout_rooms, cheibrodos_ashenzari_chains, lemuel_round_altar,
          first_ration, grunt_gozag_statues, uniq_terence
D:4:      layout_rooms, lemuel_round_altar, temple_fountains, elyvilon_altar_1,
          uniq_ijyb, uniq_natasha, uniq_pikel

Skill      XL: |  1  2  3  4  5  6 |
---------------+-------------------+-----
Axes           | 3 4 5 7 |  7.7
Invocations    | 3 4 5 |  5.5
Fighting       | 4 5 |  5.8
Armour         | 3 4 |  4.7
Dodging        | |  0.7

Action                   |  1- 3 |  4- 6 |  7- 9 || total
-------------------------+-------+-------+-------++-------
Melee: Hand axe          |   132 |   292 |     8 ||   432
  Use: Potion            |       |     2 |     1 ||     3
  Eat: Chunk             |     5 |     6 |       ||    11
Armor: Leather armour    |    27 |     8 |       ||    35
       Chain mail        |       |    21 |       ||    21
       Plate armour      |       |   206 |     5 ||   211
Dodge: Dodged            |    69 |    84 |     1 ||   154
